| TOP OF THE 1ST |
|
Tampa Twisters batting - Pitching for Port Arthur Pirates : RHP Christopher Willsher
|
|
Pitching: RHP Christopher Willsher
|
|
|
Batting: RHB John Hotchkiss
|
0-0: Called Strike 0-1: Swinging Strike 0-2: Strikes out swinging
|
|
Batting: RHB Jim Olander
|
0-0: Swinging Strike 0-1: Ball 1-1: Ball 2-1: Foul Ball, location: 2F 2-2: Strikes out looking
|
|
Batting: RHB Basil Tennell
|
0-0: Ball 1-0: SINGLE (Flyball, 78S, EV 88.1 MPH)
|
|
Batting: LHB Jose Tolentino
|
0-0: Ball 1-0: Ball 2-0: Ball 3-0: Base on Balls Basil Tennell to second
|
|
Batting: LHB Jordan Berge
|
0-0: Ball 1-0: Ground out U3 (Groundball, 34, EV 101.3 MPH)
|
| Top of the 1st over - 0 runs, 1 hit, 0 errors, 2 left on base; Tampa 0 - Port Arthur 0 |
| BOTTOM OF THE 1ST |
|
Port Arthur Pirates batting - Pitching for Tampa Twisters : RHP Jeffrey Parks
|
|
Pitching: RHP Jeffrey Parks
|
|
|
Batting: SHB Geoff Doggett
|
0-0: Fly out, F9 (Flyball, 9, EV 92.5 MPH)
|
|
Batting: RHB Billy Ripken
|
0-0: Foul Ball, location: 2F 0-1: Ball 1-1: Ball 2-1: Fly out, F9 (Flyball, 9D, EV 85.6 MPH)
|
|
Batting: RHB Steve Stanicek
|
0-0: Ball 1-0: Foul Ball, location: 2F 1-1: Ball 2-1: Ball 3-1: Base on Balls
|
|
Batting: LHB Dan Aruca
|
0-0: SINGLE (Flyball, 89S, EV 89.4 MPH) Steve Stanicek to second Runner from 2nd tries for 3rd, OUT! 9-5
|
| Bottom of the 1st over - 0 runs, 1 hit, 0 errors, 1 left on base; Tampa 0 - Port Arthur 0 |
| TOP OF THE 2ND |
|
Tampa Twisters batting - Pitching for Port Arthur Pirates : RHP Christopher Willsher
|
|
Batting: RHB Andres Thomas
|
0-0: Called Strike 0-1: Fly out, F4 (Popup, 4M, EV 79.4 MPH)
|
|
Batting: LHB John Randolph
|
0-0: Ball 1-0: Ground out 6-3 (Groundball, 6, EV 86.9 MPH)
|
|
Batting: RHB Benito Santiago
|
0-0: Fly out, F8 (Flyball, 8RM, EV 93.1 MPH)
|
| Top of the 2nd over - 0 runs, 0 hits, 0 errors, 0 left on base; Tampa 0 - Port Arthur 0 |
| BOTTOM OF THE 2ND |
|
Port Arthur Pirates batting - Pitching for Tampa Twisters : RHP Jeffrey Parks
|
|
Batting: LHB Allen Peake
|
0-0: Ball 1-0: Ball 2-0: Called Strike 2-1: Swinging Strike 2-2: Strikes out swinging
|
|
Batting: RHB Fredi Gonzalez
|
0-0: Foul Ball, location: 2F 0-1: Ball 1-1: SINGLE (Groundball, 56D, EV 96.3 MPH)
|
|
Batting: LHB Chris Rehbaum
|
0-0: Ball 1-0: 2-RUN HOME RUN (Flyball, 9D, EV 96.3 MPH), Distance : 373 ft
|
|
Batting: RHB Michael Kwiecinski
|
0-0: Swinging Strike 0-1: Ball 1-1: Ball 2-1: Fly out, F9 (Flyball, 9, EV 81.9 MPH)
|
|
Batting: RHB Willis Valdez
|
0-0: Swinging Strike 0-1: Swinging Strike 0-2: Strikes out swinging
|
| Bottom of the 2nd over - 2 runs, 2 hits, 0 errors, 0 left on base; Tampa 0 - Port Arthur 2 |
| TOP OF THE 3RD |
|
Tampa Twisters batting - Pitching for Port Arthur Pirates : RHP Christopher Willsher
|
|
Batting: LHB Alex Castaneda
|
0-0: Fly out, F5 (Popup, 56S, EV 77.5 MPH)
|
|
Batting: RHB John Hotchkiss
|
0-0: Called Strike 0-1: Ball 1-1: Ball 2-1: Foul Ball, location: 2F 2-2: Ball 3-2: Base on Balls
|
|
Batting: RHB Jim Olander
|
0-0: Ball 1-0: Foul Ball, location: 2F 1-1: Ball 2-1: Fielders Choice at 2nd, 6-4 (Groundball, 56, EV 95.0 MPH)
|
|
Batting: RHB Basil Tennell
|
0-0: Called Strike Jim Olander steals 2nd base 0-1: Ball 1-1: Ball 2-1: Swinging Strike 2-2: Strikes out swinging
|
| Top of the 3rd over - 0 runs, 0 hits, 0 errors, 1 left on base; Tampa 0 - Port Arthur 2 |
| BOTTOM OF THE 3RD |
|
Port Arthur Pirates batting - Pitching for Tampa Twisters : RHP Jeffrey Parks
|
|
Batting: SHB Geoff Doggett
|
0-0: Ball 1-0: Foul Ball, location: 2F 1-1: Ball 2-1: Foul Ball, location: 2F 2-2: Strikes out swinging
|
|
Batting: RHB Billy Ripken
|
0-0: Called Strike 0-1: Foul Ball, location: 2F 0-2: Foul Ball, location: 2F 0-2: Ball 1-2: Foul Ball, location: 2F 1-2: Foul Ball, location: 2F 1-2: Ball 2-2: Strikes out swinging
|
|
Batting: RHB Steve Stanicek
|
0-0: Called Strike 0-1: Fly out, F9 (Flyball, 9, EV 88.1 MPH)
|
| Bottom of the 3rd over - 0 runs, 0 hits, 0 errors, 0 left on base; Tampa 0 - Port Arthur 2 |
| TOP OF THE 4TH |
|
Tampa Twisters batting - Pitching for Port Arthur Pirates : RHP Christopher Willsher
|
|
Batting: LHB Jose Tolentino
|
0-0: Called Strike 0-1: Ball 1-1: Fly out, F8 (Flyball, 89D, EV 107.5 MPH)
|
|
Batting: LHB Jordan Berge
|
0-0: Ground out 4-3 (Groundball, 4, EV 109.4 MPH)
|
|
Batting: RHB Andres Thomas
|
0-0: Ground out 5-3 (Groundball, 56S, EV 82.5 MPH)
|
| Top of the 4th over - 0 runs, 0 hits, 0 errors, 0 left on base; Tampa 0 - Port Arthur 2 |
| BOTTOM OF THE 4TH |
|
Port Arthur Pirates batting - Pitching for Tampa Twisters : RHP Jeffrey Parks
|
|
Batting: LHB Dan Aruca
|
0-0: Foul Ball, location: 2F 0-1: Ball 1-1: Ball 2-1: Foul Ball, location: 2F 2-2: Ground out 5-3 (Groundball, 56S, EV 88.1 MPH)
|
|
Batting: LHB Allen Peake
|
0-0: Called Strike 0-1: Fly out, F6 (Popup, 6S, EV 67.5 MPH)
|
|
Batting: RHB Fredi Gonzalez
|
0-0: Foul Ball, location: 2F 0-1: Called Strike 0-2: Ball 1-2: Ball 2-2: Fly out, F8 (Flyball, 8RXD, EV 104.4 MPH)
|
| Bottom of the 4th over - 0 runs, 0 hits, 0 errors, 0 left on base; Tampa 0 - Port Arthur 2 |
| TOP OF THE 5TH |
|
Tampa Twisters batting - Pitching for Port Arthur Pirates : RHP Christopher Willsher
|
|
Batting: LHB John Randolph
|
0-0: Ball 1-0: Ball 2-0: Ball 3-0: Called Strike 3-1: Base on Balls
|
|
Batting: RHB Benito Santiago
|
0-0: Called Strike 0-1: Ball 1-1: SINGLE (Flyball, 78S, EV 95.0 MPH) John Randolph to second Runner from 2nd tries for 3rd, SAFE, throw by LF made to third
|
|
Batting: LHB Alex Castaneda
|
0-0: Called Strike 0-1: Swinging Strike 0-2: Fly out, F7 (Flyball, 78XD, EV 104.4 MPH) Runner from 3rd tags up, SCORES, no throw by LF
|
|
Batting: RHB John Hotchkiss
|
0-0: Ball 1-0: Ball 2-0: Called Strike 2-1: Swinging Strike 2-2: Ball 3-2: Base on Balls Benito Santiago to second
|
|
Batting: RHB Jim Olander
|
0-0: Called Strike 0-1: Called Strike 0-2: Strikes out looking and he ARGUES THE CALL AND IS TOSSED!
|
|
Batting: RHB Basil Tennell
|
0-0: Called Strike 0-1: Foul Ball, location: 2F 0-2: Ball 1-2: Ball 2-2: Ball 3-2: Foul Ball, location: 2F 3-2: SINGLE (Groundball, 6D, EV 110.6 MPH) Benito Santiago to third John Hotchkiss to second Benito Santiago scores John Hotchkiss to third
|
|
Batting: LHB Jose Tolentino
|
0-0: Swinging Strike 0-1: Ball 1-1: Ball 2-1: Ball 3-1: Base on Balls Basil Tennell to second
|
|
Batting: LHB Jordan Berge
|
0-0: Ball 1-0: Ball 2-0: Ground out 3-1 (Groundball, 23, EV 80.6 MPH)
|
| Top of the 5th over - 2 runs, 2 hits, 0 errors, 3 left on base; Tampa 2 - Port Arthur 2 |
| BOTTOM OF THE 5TH |
|
Port Arthur Pirates batting - Pitching for Tampa Twisters : RHP Jeffrey Parks
|
|
Now in LF: Dave Klipstein
|
|
|
Batting: LHB Chris Rehbaum
|
0-0: Foul Ball, location: 2F 0-1: Foul Ball, location: 2F 0-2: Ball 1-2: Ball 2-2: SINGLE (Flyball, 4D, EV 91.9 MPH)
|
|
Batting: RHB Michael Kwiecinski
|
0-0: Ball 1-0: Bunt missed! 1-1: Ball 2-1: Sac Bunt to 3S - play at first, batter OUT! 3-1 Chris Rehbaum to second
|
|
Batting: RHB Willis Valdez
|
0-0: Ball 1-0: Fly out, F8 (Line Drive, 8LM, EV 91.3 MPH)
|
|
Batting: SHB Geoff Doggett
|
0-0: Swinging Strike 0-1: Foul Ball, location: 2F 0-2: Strikes out swinging
|
| Bottom of the 5th over - 0 runs, 1 hit, 0 errors, 1 left on base; Tampa 2 - Port Arthur 2 |
| TOP OF THE 6TH |
|
Tampa Twisters batting - Pitching for Port Arthur Pirates : RHP Christopher Willsher
|
|
Batting: RHB Andres Thomas
|
0-0: Ball 1-0: Called Strike 1-1: Foul Ball, location: 2F 1-2: Foul Ball, location: 2F 1-2: Foul Ball, location: 2F 1-2: Strikes out swinging
|
|
Batting: LHB John Randolph
|
0-0: Ball 1-0: Ball 2-0: Ground out 1-3 (Groundball, 23, EV 63.8 MPH)
|
|
Batting: RHB Benito Santiago
|
0-0: Swinging Strike 0-1: Ball 1-1: Foul Ball, location: 2F 1-2: Strikes out looking
|
| Top of the 6th over - 0 runs, 0 hits, 0 errors, 0 left on base; Tampa 2 - Port Arthur 2 |
| BOTTOM OF THE 6TH |
|
Port Arthur Pirates batting - Pitching for Tampa Twisters : RHP Jeffrey Parks
|
|
Batting: RHB Billy Ripken
|
0-0: Ball 1-0: Foul Ball, location: 2F 1-1: SINGLE (Groundball, 6MD, EV 99.4 MPH)
|
|
Batting: RHB Steve Stanicek
|
0-0: Ball 1-0: Ball 2-0: SINGLE (Groundball, 6, EV 108.1 MPH) Billy Ripken to second
|
|
Batting: LHB Dan Aruca
|
0-0: Fly out, F4 (Line Drive, 4, EV 75.6 MPH)
|
|
Batting: LHB Allen Peake
|
0-0: Ball 1-0: Ball 2-0: Foul Ball, location: 2F 2-1: Ball 3-1: Base on Balls Billy Ripken to third Steve Stanicek to second
|
|
Batting: RHB Fredi Gonzalez
|
0-0: Ball 1-0: Foul Ball, location: 2F 1-1: Foul Ball, location: 2F 1-2: Ball Wild Pitch! Billy Ripken scores Steve Stanicek to third Allen Peake to second 2-2: Foul Ball, location: 2F 2-2: Fly out, F7 (Flyball, 7, EV 87.5 MPH)
|
|
Batting: LHB Chris Rehbaum
|
0-0: Intentional Walk
|
|
Batting: RHB Michael Kwiecinski
|
0-0: Ball 1-0: Ground out 6-3 (Groundball, 56, EV 98.8 MPH)
|
| Bottom of the 6th over - 1 run, 2 hits, 0 errors, 3 left on base; Tampa 2 - Port Arthur 3 |
| TOP OF THE 7TH |
|
Tampa Twisters batting - Pitching for Port Arthur Pirates : RHP Christopher Willsher
|
|
Batting: LHB Alex Castaneda
|
0-0: Called Strike 0-1: Foul Ball, location: 2F 0-2: Ball 1-2: SINGLE (Line Drive, 34D, EV 95.6 MPH)
|
|
Batting: RHB John Hotchkiss
|
0-0: Swinging Strike 0-1: Foul Ball, location: 2F 0-2: Strikes out swinging
|
|
Batting: RHB Dave Klipstein
|
0-0: Ball 1-0: Called Strike 1-1: Ball 2-1: Swinging Strike 2-2: Strikes out swinging
|
|
Batting: RHB Basil Tennell
|
0-0: Ball Alex Castaneda steals 2nd base 1-0: Called Strike 1-1: Single, Error in OF, E8, batter to second base (Groundball, 6D, EV 102.5 MPH) Alex Castaneda scores
|
|
Batting: LHB Jose Tolentino
|
0-0: Fly out, F8 (Line Drive, 8RM, EV 86.9 MPH)
|
| Top of the 7th over - 1 run, 2 hits, 1 error, 1 left on base; Tampa 3 - Port Arthur 3 |
| BOTTOM OF THE 7TH |
|
Port Arthur Pirates batting - Pitching for Tampa Twisters : RHP Jeffrey Parks
|
|
Batting: RHB Willis Valdez
|
0-0: Ground out U3 (Groundball, 3, EV 85.6 MPH)
|
|
Batting: SHB Geoff Doggett
|
0-0: Ball 1-0: Fly out, F6 (Flyball, 56D, EV 91.3 MPH)
|
|
Batting: RHB Billy Ripken
|
0-0: Ball 1-0: Ball 2-0: Ground out 6-3 (Groundball, 56, EV 101.9 MPH)
|
| Bottom of the 7th over - 0 runs, 0 hits, 0 errors, 0 left on base; Tampa 3 - Port Arthur 3 |
| TOP OF THE 8TH |
|
Tampa Twisters batting - Pitching for Port Arthur Pirates : RHP Christopher Willsher
|
|
Batting: LHB Jordan Berge
|
0-0: Fly out, F8 (Flyball, 78S, EV 92.5 MPH)
|
|
Batting: RHB Andres Thomas
|
0-0: Ball 1-0: Foul Ball, location: 2F 1-1: SINGLE (Flyball, 78S, EV 86.9 MPH)
|
|
Batting: LHB John Randolph
|
0-0: Ground out 6-3 (Groundball, 6M, EV 89.4 MPH) Andres Thomas to second
|
|
Batting: RHB Benito Santiago
|
0-0: Fly out, F7 (Flyball, 7LM, EV 103.8 MPH)
|
| Top of the 8th over - 0 runs, 1 hit, 0 errors, 1 left on base; Tampa 3 - Port Arthur 3 |
| BOTTOM OF THE 8TH |
|
Port Arthur Pirates batting - Pitching for Tampa Twisters : RHP Jeffrey Parks
|
|
Batting: RHB Steve Stanicek
|
0-0: Swinging Strike 0-1: Hit by Pitch
|
|
Pinch Runner at 1st Michael Cain:
|
|
|
Batting: LHB Dan Aruca
|
0-0: Called Strike Michael Cain steals 2nd base 0-1: Fly out, F7 (Line Drive, 7, EV 90.6 MPH)
|
|
Batting: LHB Allen Peake
|
0-0: Intentional Walk
|
|
Batting: RHB Fredi Gonzalez
|
0-0: Foul Ball, location: 2F 0-1: Ball 1-1: Swinging Strike 1-2: Foul Ball, location: 2F 1-2: SINGLE (Line Drive, 9LS, EV 96.9 MPH) Michael Cain to third Allen Peake to second Runner from 3rd tries for Home, SAFE, throw by RF to home
|
|
Batting: LHB Chris Rehbaum
|
0-0: Ball 1-0: TRIPLE (Flyball, 9LD, EV 111.3 MPH) Allen Peake scores Fredi Gonzalez scores
|
|
Batting: RHB Michael Kwiecinski
|
0-0: Intentional Walk
|
|
Pitching: RHP Jackie Davidson
|
|
|
Batting: RHB Willis Valdez
|
0-0: Ground out 3-1 (Groundball, 34, EV 101.3 MPH) Michael Kwiecinski to second
|
|
Batting: SHB Geoff Doggett
|
0-0: Called Strike 0-1: Ball 1-1: Ball 2-1: Foul Ball, location: 2F 2-2: Ball 3-2: Fly out, F8 (Flyball, 89M, EV 72.5 MPH)
|
| Bottom of the 8th over - 3 runs, 2 hits, 0 errors, 2 left on base; Tampa 3 - Port Arthur 6 |
| TOP OF THE 9TH |
|
Tampa Twisters batting - Pitching for Port Arthur Pirates : RHP Christopher Willsher
|
|
Now at 1B: Russ Morman
|
|
|
Batting: LHB Alex Castaneda
|
0-0: Ball 1-0: Ball 2-0: Swinging Strike 2-1: Foul Ball, location: 2F 2-2: Strikes out swinging
|
|
Batting: RHB John Hotchkiss
|
0-0: Swinging Strike 0-1: Ball 1-1: Ball 2-1: Foul Ball, location: 2F 2-2: SINGLE (Groundball, 56D, EV 105.6 MPH)
|
|
Batting: RHB Dave Klipstein
|
0-0: Grounds into double play, 6-4-3 (Groundball, 6, EV 88.8 MPH)
|
| Top of the 9th over - 0 runs, 1 hit, 0 errors, 0 left on base; Tampa 3 - Port Arthur 6 |
|